 Dungeon Crawl Stone Soup version 0.28-a0-1624-g820543e53a (webtiles) character file.

Game seed: 4839022661528106535

53 HallandMoats the Skirmisher (level 3, 33/33 HPs)
             Began as a Ghoul Fighter on Jan 24, 2022.
             Was an Initiate of Yredelemnul.
             Safely got out of the dungeon.
             The game lasted 00:01:33 (1548 turns).

HallandMoats the Skirmisher (Ghoul Fighter)         Turns: 1548, Time: 00:01:33

Health: 33/33      AC:  6    Str: 19    XL:     3   Next: 89%
Magic:  2/2        EV:  9    Int:  5    God:    Yredelemnul [......]
Gold:   35         SH:  4    Dex:  8    Spells: 2/2 levels left

rFire   . . .      SeeInvis .   a - +0 trident
rCold   + . .      Faith    .   c - +0 buckler
rNeg    + + +      Spirit   .   b - +0 scale mail
rPois   ∞          Reflect  .   (no helmet)
rElec   .          Harm     .   (no cloak)
rCorr   .          Rampage  .   (no gloves)
Will    .....                   (no boots)
Stlth   ..........              (no amulet)
HPRegen 0.11/turn               (no ring)
MPRegen 0.08/turn               (no ring)

@: no status effects
A: claws 1, cold resistance 1, negative energy resistance 3, inhibited
regeneration, torment resistance 2
a: Renounce Religion, Recall Undead Harvest


You escaped.
You worshipped Yredelemnul.
Yredelemnul was noncommittal.
You visited 1 branch of the dungeon, and saw 2 of its levels.

You collected 35 gold pieces.

Inventory:

Hand Weapons
 a - a +0 trident (weapon)
Armour
 b - a +0 scale mail (worn)
 c - a +0 buckler (worn)
Scrolls
 f - a scroll of enchant armour {unknown}
 g - a scroll of identify {unknown}
 i - a scroll of teleportation {unknown}
 m - a scroll of amnesia {unknown}
Potions
 d - a potion of might
 e - a potion of degeneration {unknown}
 h - a potion of mutation {unknown}
 j - a potion of haste {unknown}
 k - a potion of ambrosia {unknown}
 l - a potion of curing {unknown}


   Skills:
 * Level 3.8 Fighting
 * Level 2.4 Polearms
 + Level 2.9 Armour
 + Level 1.1 Dodging
 + Level 2.9 Shields


You had 2 spell levels left.
You didn't know any spells.
Your spell library contained the following spells:

 Spells                   Type           Power      Damage    Failure   Level
 Freeze                   Ice            0%         1d3       91%         1
 Frozen Ramparts          Ice            0%         1d2       99%         3
 Hailstorm                Conj/Ice       0%         3d3       100%        4


Dungeon Overview and Level Annotations

Branches:
Dungeon (2/15)

Altars:
Fedhas
Yredelemnul

Shops:
D:1 [(


Innate Abilities, Weirdness & Mutations

You thrive by killing the living.
You are immune to poison.
You have sharp fingernails.
Your flesh is cold resistant. (rC+)
You are immune to negative energy. (rN+++)
You do not regenerate when monsters are visible.
You are immune to unholy pain and torment.


Message History

No target in view!
No target in view!
No target in view!
No target in view!
No target in view!
No target in view!
No target in view!
No target in view!
You see here a +0 dagger.
You swap places.
You swap places.
You swap places.
You swap places.
Key pressed, stopping explore.
You swap places.
You swap places.
You enter the shallow water.
Moving in this stuff is going to be slow.
You enter the shallow water.
Moving in this stuff is going to be slow.
You enter the shallow water.
Moving in this stuff is going to be slow.
You enter the shallow water.
Moving in this stuff is going to be slow.
Key pressed, stopping explore.
Partly explored, can't reach some places.
Partly explored, can't reach some places.
Partly explored, can't reach some places.
Partly explored, can't reach some places.
(D) Dungeon
Where to? (Enter - D:2, ? - help)
What level of the Dungeon? (default 1, ? - help)
You enter the shallow water.
Moving in this stuff is going to be slow.
There is a stone staircase leading up here.
You climb upwards.
There is a stone staircase leading down here.
There is a staircase leading out of the dungeon here.
Are you sure you want to leave the Dungeon?
This will make you lose the game!
You have escaped!

##.#.##.........§§§≈≈≈≈§§≈≈
.................§≈≈≈≈§§≈≈≈_
≈.≈≈≈≈≈.≈≈≈≈≈......≈≈§≈§§§§≈
≈.≈###≈.≈###≈.#....§≈≈§§§≈§
≈.≈# #≈.≈# #≈.#....≈§§§§§§§§ #
≈.≈###≈.≈###≈.#....≈≈≈≈§§§≈≈≈#
≈.≈≈≈≈≈.≈≈≈≈≈.#....≈§≈≈§≈≈≈≈≈#
................##..≈§≈≈§≈≈≈≈#
≈.≈≈≈≈≈.≈≈≈≈≈...@#...§≈≈§≈≈≈≈#
≈.≈###≈.≈###≈........§≈≈≈§§≈§#
≈.≈# #≈.≈# #≈...##.........≈≈#
≈.≈###≈.≈###≈....#.........§≈#
≈.≈≈≈≈≈.≈≈≈≈≈....+........####
.................###......#
≈.≈≈≈≈≈.≈≈≈≈≈...## #.#.#..#
≈.≈###≈.≈###≈..## #.###..#
≈.≈# #≈.≈# #≈.## #.###..#


There were no monsters in sight!

Vanquished Creatures
  A gnoll (D:1)
  An adder (D:2)
  A worm (D:2)
  A dart slug (D:2)
  2 ball pythons (D:1)
  5 bats
  6 goblins
  2 hobgoblins (D:1)
  2 quokkas
  3 frilled lizards (D:1)
  A kobold (D:2)
  3 rats
28 creatures vanquished.

Vanquished Creatures (collateral kills)
  A ball python (D:1)
  2 frilled lizards (D:1)
3 creatures vanquished.

Vanquished Creatures (others)
  A goblin zombie (D:2)
1 creature vanquished.

Grand Total: 32 creatures vanquished

Notes
Turn   | Place    | Note
-------+----------+-------------------------------------------
     0 | D:1      | HallandMoats the Ghoul Fighter began the quest for the Orb.
     0 | D:1      | Reached XP level 1. HP: 19/19 MP: 0/0
    90 | D:1      | Found Uqoplash's Weapon Emporium.
   262 | D:1      | Reached XP level 2. HP: 26/26 MP: 1/1
   328 | D:1      | Found a faded altar of an unknown god.
   342 | D:1      | Prayed at the altar of an unknown god.
   342 | D:1      | Became a worshipper of Yredelemnul the Dark
   342 | D:1      | Reached * piety under Yredelemnul
   555 | D:1      | Reached ** piety under Yredelemnul
   640 | D:1      | Found Wobecir's Antique Armour Boutique.
   674 | D:1      | Reached XP level 3. HP: 33/33 MP: 2/2
   882 | D:1      | Found a blossoming altar of Fedhas.
   999 | D:2      | Reached skill level 1 in Dodging
  1548 | D:$      | Safely got out of the dungeon.

Illustrated notes

Levels and vault maps discovered:
D:1:      dpeg_arrival_lava_altar, layout_loops_corners, basic_ecumenical_altar,
          serial_shops, nicolae_shop_bloodbath_and_beyond, shop,
          kennysheep_boxes
D:2:      layout_loops_ring, chequers_serial_rivers_large_a

Skill      XL: |  1  2  3 |
---------------+----------+-----
Polearms       | 2 |  2.4
Dodging        | 1 |  1.1
Fighting       | |  3.8
Armour         | |  2.9
Shields        | |  2.9

Action                   || total
-------------------------++-------
Melee: Trident           ||   106
Armor: Scale mail        ||    30
Dodge: Dodged            ||    34
Block: Buckler           ||    15

Table legend: (Time is in decaauts)
 A = Elapsed time spent in this place.
 B = Non-inter-level travel time spent in this place.
 C = Inter-level travel time spent in this place.
 D = Time resting spent in this place.
 E = Time spent auto-exploring this place.
 F = Levels seen in this place.
 G = Mean time per level.
                   A        B        C        D        E       F      G
               +--------+--------+--------+--------+--------+-----+--------+
         Total |   1585 |   1519 |     66 |      0 |   1268 |   2 |  792.5 |
       Dungeon |   1585 |   1519 |     66 |      0 |   1268 |   2 |  792.5 |
               +--------+--------+--------+--------+--------+-----+--------+

Top non-repeatable levels by time:
     D:1: 925 daAuts
     D:2: 660 daAuts
